 Dungeon Crawl Stone Soup version 0.26-a0-52-gd53d4cd058 (webtiles) character file.

Game seed: 2122502624352978860

2492 PentaManta the Shield-Bearer (level 9, 0/63 HPs)
             Began as an Octopode Fighter on June 6, 2020.
             Was a Believer of Qazlal.
             Slain by a two-headed ogre
             ... wielding a +0 giant club
              (17 damage)
             ... on level 8 of the Dungeon.
             The game lasted 00:27:24 (9428 turns).

PentaManta the Shield-Bearer (Octopode Fighter)     Turns: 9428, Time: 00:27:25

Health: 0/63       AC:  1    Str: 16    XL:     9   Next: 52%
Magic:  9/9        EV: 15    Int: 13    God:    Qazlal [**....]
Gold:   742        SH: 15    Dex: 11    Spells: 8/8 levels left

rFire    . . .     SeeInvis .     - Unarmed
rCold    + . .     Gourm    .   a - +1 kite shield
rNeg     . . .     Faith    .   (helmet restricted)
rPois    .         Spirit   .   (no amulet)
rElec    .         Reflect  .   x - ring of protection from cold
rCorr    .         Harm     .   (no ring)
MR       .....                  (no ring)
Stlth    ++........             (no ring)
HPRegen  0.20/turn              (no ring)
MPRegen  0.11/turn              (no ring)
                                (no ring)
                                (no ring)

@: no status effects
A: almost no armour, stealthy swim, amphibious, 8 rings, constrict 8, camouflage
1, gelatinous body 1
a: Upheaval, Renounce Religion


You were on level 8 of the Dungeon.
You worshipped Qazlal.
Qazlal was pleased with you.
You were not hungry.

You visited 2 branches of the dungeon, and saw 9 of its levels.
You also visited: Bailey.

You collected 742 gold pieces.

Inventory:

Missiles
 h - 50 boomerangs
 j - 7 javelins (quivered)
Armour
 a - a +1 kite shield (worn)
Jewellery
 x - a ring of protection from cold (left tentacle)
 A - an uncursed amulet of the acrobat
Wands
 r - a wand of paralysis (7)
 v - a wand of clouds (2)
 w - a wand of flame (14)
 z - a wand of random effects (3)
Scrolls
 d - a scroll of torment {unknown}
 g - 3 scrolls of remove curse
 i - 2 scrolls of enchant weapon
 m - 2 scrolls of identify
 n - 3 scrolls of teleportation
 o - a scroll of magic mapping
 q - a scroll of amnesia
 D - a scroll of fear
 E - a scroll of fog {unknown}
Potions
 b - 3 potions of might
 e - 3 potions of brilliance
 f - a potion of cancellation
 k - 3 potions of lignification
 l - a potion of resistance
 p - 4 potions of curing
 s - a potion of haste
 t - a potion of heal wounds
 u - 4 potions of flight
 B - a potion of stabbing {unknown}
Miscellaneous
 y - a tin of tremorstones (1/3)
Comestibles
 c - 12 rations
 C - 2 chunks of flesh


   Skills:
 + Level 6.5 Fighting
 + Level 7.2 Dodging
 * Level 7.4 Shields
 + Level 6.2 Unarmed Combat


You had 8 spell levels left.
You didn't know any spells.
Your spell library contained the following spells:

 Spells                   Type           Power        Failure   Level  Hunger
 Animate Skeleton         Necr           N/A          63%         1    ##.....
 Apportation              Tloc           #.....       63%         1    ##.....
 Corona                   Hex            #......      63%         1    ##.....
 Summon Small Mammal      Summ           #...         63%         1    ##.....


Dungeon Overview and Level Annotations

Branches:
Dungeon (8/15)             Temple (1/1) D:5          Bailey (visited)
   Lair: D:8-11

Altars:
Ashenzari
Cheibriados
Dithmenos
Elyvilon
Fedhas
Gozag
Hepliaklqana
Kikubaaqudgha
Makhleb
Nemelex Xobeh
Okawaru
Qazlal
Ru
Sif Muna
Trog
Uskayaw
Vehumet
Wu Jian
Xom
Yredelemnul
Zin
The Shining One

Annotations:
D:3 3 runed translucent doors, mecharm's ghost, amateur OgTm
D:6 1 runed translucent door, iamserjio's ghost, novice OpSk


Innate Abilities, Weirdness & Mutations

You cannot wear most types of armour.
You are very stealthy in the water. (Stealth+)
You are amphibious.
You can wear up to eight rings at the same time.
You can use your tentacles to constrict eight enemies at once.
Your skin changes colour to match your surroundings (Stealth+).
Your rubbery body absorbs attacks. (AC +1, EV +1)


Message History

You feel sick.
Things that are here:
a +0 hand axe; an orc skeleton
There is a stone staircase leading up here.
You feel sick. You block the two-headed ogre's attack.
The two-headed ogre hits you with a +0 giant club!
* * * LOW HITPOINT WARNING * * *
Evoke which item? (* to show all) (? for menu, Esc to quit)
The tremorstone explodes into fragments!
The burst of rock shards engulfs the two-headed ogre!
You feel sick.
You are no longer poisoned.
You hear an angry hiss.
Evoke which item? (* to show all) (? for menu, Esc to quit)
The tremorstone explodes into fragments!
You hear an angry hiss.
You block the two-headed ogre's attack.
The two-headed ogre hits you with a +0 giant club!
You die...

#..#.#...##..#####.#
#...<..#........##.#
#...#....##..##.##.#
........#.......##.##.###
..###.>#.#.###.###....... .
......#.# #.#####.####
###..###.# #.#.........
.###..###.###.#.###.####
.!......@O...#.#.# #.# #
...........#<#.#.# #.# #
###.##...##..#)#.#.# #.# #
...##.............# #.# #
##...#.#######...#####.####
#.###......#######.#..).......(
#..................#.#.########
#####......#######.#.#.#
##...#.#######.#.#.#


You could see a two-headed ogre.

Vanquished Creatures
  A two-headed ogre (D:7)
  Duvessa (D:7)
  3 orc warriors (Bailey)
  A black bear (D:6)
  An ice beast (D:7)
  An ogre (D:7)
  2 centaurs
  A bullfrog (D:7)
  A water moccasin zombie (D:6)
  Dowan (D:7)
  3 hounds
  2 crimson imps
  An orc priest (D:6)
  2 bullfrog skeletons
  An iguana (D:5)
  2 orc wizards (D:6)
  6 worker ants
  A hound zombie (D:5)
  A worker ant zombie (D:6)
  10 gnolls
  9 river rats (D:5)
  8 adders
  2 shadow imps (D:5)
  An adder skeleton (D:5)
  2 worms
  3 dart slugs (D:1)
  4 leopard geckos
  13 orcs
  6 giant cockroaches
  9 hobgoblins
  2 jackals (D:5)
  23 kobolds
  11 quokkas
  4 ball pythons
  3 bats
  7 frilled lizards
  10 goblins
  A jackal zombie (D:5)
  2 leopard gecko skeletons (D:4)
  A leopard gecko zombie (D:5)
  17 rats
180 creatures vanquished.

Vanquished Creatures (others)
  A fungus (D:8)
  A plant (D:8)
2 creatures vanquished.

Grand Total: 182 creatures vanquished

Notes
Turn   | Place    | Note
-------+----------+-------------------------------------------
     0 | D:1      | PentaManta the Octopode Fighter began the quest for the
                  | Orb.
     0 | D:1      | Reached XP level 1. HP: 16/16 MP: 1/1
   371 | D:1      | Reached XP level 2. HP: 21/21 MP: 2/2
   787 | D:1      | Reached XP level 3. HP: 26/26 MP: 3/3
  1648 | D:2      | Reached XP level 4. HP: 13/31 MP: 4/4
  2660 | D:3      | Reached XP level 5. HP: 30/37 MP: 5/5
  2972 | D:3      | Found a runed translucent gate.
  2972 | D:3      | Found a runed translucent gate.
  2972 | D:3      | Found a runed translucent gate.
  3093 | D:3      | Noticed mecharm's ghost (amateur OgTm)
  3395 | D:4      | Reached skill level 5 in Dodging
  3410 | D:4      | Reached XP level 6. HP: 43/43 MP: 6/6
  4127 | D:5      | Entered Level 5 of the Dungeon
  4333 | D:5      | Found a staircase to the Ecumenical Temple.
  4344 | D:5      | Found a bloodstained altar of Trog.
  4348 | Temple   | Entered the Ecumenical Temple
  4611 | Temple   | Became a worshipper of Qazlal Stormbringer
  5002 | D:5      | Reached XP level 7. HP: 49/49 MP: 7/7
  5100 | D:5      | Reached * piety under Qazlal
  6200 | D:6      | Reached skill level 5 in Fighting
  6362 | D:6      | Reached ** piety under Qazlal
  6479 | D:6      | Reached XP level 8. HP: 36/55 MP: 8/8
  6712 | D:6      | Found a runed translucent door.
  6714 | D:6      | Noticed iamserjio's ghost (novice OpSk)
  6761 | D:6      | Reached skill level 5 in Shields
  7190 | D:6      | Reached skill level 5 in Unarmed Combat
  7405 | D:7      | Found a flagged portal.
  7406 | D:7      | Found the cursed +14 obsidian axe {vorpal, +Fly SInv
                  | *Curse}
  7418 | Bailey   | Entered a bailey
  8301 | D:7      | Noticed Dowan
  8309 | D:7      | Killed Dowan
  8491 | D:7      | Noticed a two-headed ogre
  8592 | D:7      | Noticed Duvessa
  8595 | D:7      | Reached XP level 9. HP: 57/62 MP: 9/9
  8696 | D:7      | Killed Duvessa
  8798 | D:7      | Killed a two-headed ogre
  8798 | D:7      | Reached *** piety under Qazlal
  9375 | D:8      | Noticed a two-headed ogre
  9428 | D:8      | Slain by a two-headed ogre

Illustrated notes

Levels and vault maps discovered:
D:1:      lightli_arrival_maybe_door_vault, layout_basic
D:2:      layout_loops_cross
D:3:      layout_rooms, gammafunk_ghost_icy, minmay_misc_feat_columns,
          chequers_avenue
D:4:      layout_loops_ring, first_ration, minmay_misc_feat_nine_boxes,
          uniq_crazy_yiuf_cottage
D:5:      lemuel_ratsnest, layout_basic, bloody_trog, temple_statues,
          serial_bayou_crossing
D:6:      layout_basic, ebering_ghost_reflecting_pool
D:7:      layout_basic, enter_bailey_2, uniq_duvessa
D:8:      layout_loops_ring, ebering_ghost_funeral_grove, uniq_harold
Temple:   roderic_octagonal_lattice_temple

Skill      XL: |  1  2  3  4  5  6  7  8  9 |
---------------+----------------------------+-----
Dodging        | 4 5 6 7 |  7.2
Unarmed Combat | 3 4 5 6 |  6.2
Fighting       | 4 5 6 |  6.5
Shields        | 4 6 7 |  7.4

Action                   |  1- 3 |  4- 6 |  7- 9 || total
-------------------------+-------+-------+-------++-------
Melee: Unarmed           |    70 |   137 |   301 ||   508
       Constrict         |    24 |    33 |    72 ||   129
       Tentacles         |    16 |    26 |    64 ||   106
       Punch             |     1 |     2 |    13 ||    16
Throw: Javelin           |     1 |     1 |     7 ||     9
       Boomerang         |       |       |    19 ||    19
Evoke: Tin of tremorston |       |       |     2 ||     2
       Wand              |       |       |     1 ||     1
  Use: Scroll            |       |    12 |     6 ||    18
 Stab: Sleeping          |     5 |     7 |       ||    12
  Eat: Chunk             |     2 |    10 |    15 ||    27
Armor: Skin              |     2 |     8 |     9 ||    19
Dodge: Dodged            |    19 |    76 |   116 ||   211
Block: Kite shield       |    23 |    72 |   187 ||   282

Table legend:
 A = Non-vault XP
 B = Vault XP
 C = Vault XP percentage of total XP
 D = Non-vault monster count
 E = Vault monster count
 F = Vault count percentage of total count
                 A         B        C        D         E       F
            +---------+---------+-------+---------+---------+-------
      Total |    2707 |     853 |  24.0 |     119 |      61 |  33.9
            +---------+---------+-------+---------+---------+-------
        D:1 |      38 |       0 |   0.0 |      21 |       0 |   0.0
        D:2 |     126 |       0 |   0.0 |      21 |       0 |   0.0
        D:3 |      54 |       0 |   0.0 |      17 |       0 |   0.0
        D:4 |     196 |       0 |   0.0 |      11 |       0 |   0.0
        D:5 |     343 |     195 |  36.2 |      16 |      32 |  66.7
        D:6 |     646 |       0 |   0.0 |      24 |       0 |   0.0
        D:7 |    1254 |     221 |  15.0 |       6 |       2 |  25.0
        D:8 |      50 |       0 |   0.0 |       3 |       0 |   0.0
     Bailey |       0 |     437 | 100.0 |       0 |      27 | 100.0
            +---------+---------+-------+---------+---------+-------
